 Dungeon Crawl Stone Soup version 0.29.1-15-g9cfb28693d (webtiles) character file.

Game seed: 4092109420294887304

2563 KyoPewz the Skirmisher (level 9, -2/48 HPs)
             Began as a Deep Elf Arcane Marksman on Feb 26, 2023.
             Killed from afar by a gargoyle (26 damage)
             ... with a stone arrow
             ... on level 7 of the Dungeon.
             The game lasted 00:21:08 (6376 turns).

KyoPewz the Skirmisher (Deep Elf Arcane Marksman)   Turns: 6376, Time: 00:21:11

Health: -2/48      AC: 10    Str:  5    XL:     9   Next: 31%
Magic:  8/14       EV: 13    Int: 19    God:
Gold:   300        SH:  0    Dex: 19    Spells: 5/12 levels left

rFire   . . .      SeeInvis +   y - +5 sling of Perversion {freeze, Will+ Str-2 SInv}
rCold   . . .      Faith    .   (no shield)
rNeg    . . .      Spirit   .   c - +0 robe
rPois   .          Reflect  .   K - +2 helmet
rElec   .          Harm     .   P - +2 cloak
rCorr   .          Rampage  .   v - +0 pair of gloves
Will    +....                   F - +0 pair of boots
Stlth   ++........              (no amulet)
HPRegen 0.16/turn               i - +4 ring of slaying
MPRegen 0.14/turn               (no ring)

@: no status effects
A: no striking features
a: no special abilities


You were on level 7 of the Dungeon.
You visited 1 branch of the dungeon, and saw 7 of its levels.

You collected 300 gold pieces.

Inventory:

Hand Weapons
 a - a +1 sling
 r - a +0 short sword
 y - the +5 sling of Perversion (weapon) {freeze, Will+ Str-2 SInv}
   (You found it on level 2 of the Dungeon)

   Any ammunition fired from it freezes those it strikes, dealing additional
   cold damage.
   It can also slow down cold-blooded creatures.
   Str:       It affects your strength (-2).
   SInv:      It lets you see invisible.
   Will:      It increases your willpower.
 C - a +0 dagger of freezing
 H - a +5 rapier of venom
Missiles
 s - 4 curare-tipped darts
 x - 11 poisoned darts
Armour
 c - a +0 robe (worn)
 t - a +0 ring mail
 v - a +0 pair of gloves (worn)
 F - a +0 pair of boots (worn)
 G - a +1 ring mail of fire resistance
 I - a +0 leather armour
 K - a +2 helmet (worn)
 P - a +2 cloak (worn)
Jewellery
 i - a +4 ring of slaying (left hand)
Wands
 B - a wand of charming (8)
 J - a wand of flame (17)
Scrolls
 b - 2 scrolls of poison
 d - 2 scrolls of noise {unknown}
 e - a scroll of immolation {unknown}
 h - 4 scrolls of amnesia {unknown}
 l - 3 scrolls of summoning {unknown}
 w - 8 scrolls of identify {unknown}
 z - a scroll of brand weapon {unknown}
 A - a scroll of teleportation {unknown}
 D - a scroll of silence {unknown}
 E - a scroll of magic mapping {unknown}
 M - 2 scrolls of vulnerability {unknown}
 N - a scroll of blinking {unknown}
Potions
 f - 4 potions of brilliance {unknown}
 g - 3 potions of curing {unknown}
 j - 4 potions of degeneration {unknown}
 k - 2 potions of flight {unknown}
 m - 2 potions of invisibility
 n - a potion of ambrosia {unknown}
 o - a potion of mutation {unknown}
 p - 5 potions of attraction {unknown}
 q - 3 potions of cancellation {unknown}
 u - a potion of berserk rage {unknown}
 L - 2 potions of magic {unknown}
 O - a potion of resistance {unknown}


   Skills:
 + Level 1.7 Fighting
 - Level 14.0 Ranged Weapons
 + Level 3.4 Dodging
 - Level 2.0 Spellcasting
 + Level 5.9 Hexes
 - Level 4.0 Translocations
 - Level 3.0 Fire Magic


You had 5 spell levels left.
You knew the following spells:

 Your Spells              Type           Power      Damage    Failure   Level
a - Slow                  Hex            96%        N/A       1%          1
b - Portal Projectile     Hex/Tloc       40%        N/A       7%          3
c - Inner Flame           Hex/Fire       18%        N/A       9%          3

Your spell library contained the following spells:

 Spells                   Type           Power      Damage    Failure   Level
 Ensorcelled Hibernation  Hex/Ice        26%        N/A       8%          2
 Cause Fear               Hex            12%        N/A       14%         4
 Magic Dart               Conj           4%         1d3       17%         1
 Passwall                 Tmut/Erth      0%         N/A       26%         2
 Searing Ray              Conj           2%         2d4       26%         2
 Sublimation of Blood     Necr           1%         N/A       26%         2
 Wereblood                Tmut           1%         N/A       26%         2
 Swiftness                Air            1%         N/A       45%         3
 Fulminant Prism          Conj/Hex       6%         3d7       45%         4
 Summon Hydra             Summ           0%         N/A       100%        7


Dungeon Overview and Level Annotations

Branches:
Dungeon (7/15)
 Temple: D:4-7

Altars:
Gozag
Qazlal
Ru
Sif Muna
Zin

Shops:
D:7 (


Message History

Press: ? - help, Q - select action, (/) - cycle Shift-Dir - straight line, f/p - gargoyle
Aim: a gargoyle, wielding a +0 morningstar (heavily damaged, inner flame, slow, 83% to hit)
Okay, then.
Unknown command.
Fire: y) +5 sling of Perversion {freeze, Will+ Str-2 SInv}
Press: ? - help, Shift-Dir - straight line, f/p - gargoyle
Aim: a gargoyle, wielding a +0 morningstar (heavily damaged, inner flame, slow, 83% to hit)
You shoot a sling bullet.
The sling bullet hits the gargoyle but does no damage.
The gargoyle is heavily damaged.
Fire: y) +5 sling of Perversion {freeze, Will+ Str-2 SInv}
Press: ? - help, Shift-Dir - straight line, f/p - gargoyle
Aim: a gargoyle, wielding a +0 morningstar (heavily damaged, inner flame, slow, 83% to hit)
You shoot a sling bullet.
The sling bullet hits the gargoyle but does no damage.
The gargoyle is heavily damaged.
Fire: y) +5 sling of Perversion {freeze, Will+ Str-2 SInv}
Press: ? - help, Shift-Dir - straight line, f/p - gargoyle
Aim: a gargoyle, wielding a +0 morningstar (heavily damaged, inner flame, slow, 83% to hit)
You shoot a sling bullet.
The sling bullet hits the gargoyle but does no damage.
The gargoyle is heavily damaged.
Fire: y) +5 sling of Perversion {freeze, Will+ Str-2 SInv}
Press: ? - help, Shift-Dir - straight line, f/p - gargoyle
Aim: a gargoyle, wielding a +0 morningstar (moderately damaged, inner flame, slow, 83% to hit)
You shoot a sling bullet.
The sling bullet hits the gargoyle but does no damage.
The gargoyle is moderately damaged.
Fire: y) +5 sling of Perversion {freeze, Will+ Str-2 SInv}
Press: ? - help, Shift-Dir - straight line, f/p - gargoyle
Aim: a gargoyle, wielding a +0 morningstar (moderately damaged, inner flame, slow, 83% to hit)
You shoot a sling bullet. The sling bullet hits the gargoyle!
Flame seeps out of the gargoyle.
The sling bullet freezes the gargoyle.
Flame seeps out of the gargoyle.
The gargoyle is almost destroyed.
The sky beast flickers out of sight for a moment.
The gargoyle hurls a stone arrow at you.
The stone arrow hits you!!
Ouch! That really hurt!
You die...

#############
#.....Y9@...#
#..##.#.#.##.######
#.#######......+
##.#.#.#+......#
##.#.####.##..#
####9###.##..#
#.##.'.....+ #.
#.#.....#
Y.##.#.....#


You could see a gargoyle (inner flame, slow) and a sky beast (invisible).

Vanquished Creatures
  Grinder (D:3)
  Eustachio (D:4)
  A water moccasin (D:6)
  An ice beast (D:6)
  An orc warrior (D:5)
  A black bear (D:5)
  3 ogres
  2 phantoms
  A necrophage (D:5)
  A gnoll sergeant (D:6)
  4 scorpions
  7 hounds
  6 jellies
  Crazy Yiuf (D:6)
  2 orc priests
  A gnoll bouda (D:5)
  4 iguanas
  Natasha (thrice) (D:4)
  7 orc wizards
  7 adders
  3 gnolls (D:6)
  2 shadow imps (D:6)
  A white imp (D:6)
  A worm (D:3)
  3 dart slugs
  32 orcs
  12 ball pythons
  6 endoplasms
  2 giant cockroaches
  7 goblins
  8 hobgoblins
  2 jackals (D:1)
  7 quokkas
  3 frilled lizards
  8 kobolds
  6 rats
158 creatures vanquished.

Notes
Turn   | Place    | Note
-------+----------+-------------------------------------------
     0 | D:1      | KyoPewz the Deep Elf Arcane Marksman began the quest for
                  | the Orb.
     0 | D:1      | Reached XP level 1. HP: 11/11 MP: 5/5
    38 | D:1      | Reached skill level 3 in Ranged Weapons
    70 | D:1      | Reached XP level 2. HP: 3/16 MP: 4/6
   819 | D:1      | Reached skill level 4 in Ranged Weapons
  1391 | D:1      | Reached XP level 3. HP: 20/20 MP: 7/7
  1981 | D:2      | Reached skill level 5 in Ranged Weapons
  2314 | D:2      | Identified the +5 sling of Perversion {freeze, Will+ Str-2
                  | SInv}
  2449 | D:2      | Found a sacrificial altar of Ru.
  2611 | D:3      | Reached XP level 4. HP: 24/24 MP: 8/8
  2688 | D:3      | Found a stormy altar of Qazlal.
  2691 | D:3      | Found an opulent altar of Gozag.
  2691 | D:3      | Found a glowing silver altar of Zin.
  2693 | D:3      | Reached skill level 6 in Ranged Weapons
  2876 | D:3      | Noticed Grinder
  2885 | D:3      | Killed Grinder
  2886 | D:3      | Reached skill level 8 in Ranged Weapons
  2886 | D:3      | Reached XP level 5. HP: 28/28 MP: 9/9
  2886 | D:3      | Reached XP level 6. HP: 33/33 MP: 10/10
  2906 | D:3      | Found a faded altar of an unknown god.
  3150 | D:4      | Learned a level 3 spell: Portal Projectile
  3154 | D:4      | Learned a level 3 spell: Inner Flame
  3263 | D:4      | Reached skill level 1 in Translocations
  3263 | D:4      | Reached skill level 1 in Fire Magic
  3263 | D:4      | Noticed Natasha
  3267 | D:4      | Killed Natasha
  3305 | D:4      | Reached skill level 9 in Ranged Weapons
  3314 | D:4      | Reached XP level 7. HP: 37/37 MP: 11/11
  3347 | D:4      | Noticed Eustachio
  3376 | D:4      | Killed Eustachio
  3728 | D:4      | Found a shimmering blue altar of Sif Muna.
  3728 | D:4      | Noticed Natasha
  3731 | D:4      | Killed Natasha
  3810 | D:4      | Noticed Natasha
  3812 | D:4      | Killed Natasha
  3842 | D:5      | Entered Level 5 of the Dungeon
  3849 | D:5      | Reached skill level 10 in Ranged Weapons
  4066 | D:5      | Reached skill level 11 in Ranged Weapons
  4067 | D:5      | Reached XP level 8. HP: 42/42 MP: 12/12
  4370 | D:5      | Reached skill level 12 in Ranged Weapons
  4806 | D:5      | Found a runed translucent door.
  4933 | D:5      | Reached skill level 13 in Ranged Weapons
  5414 | D:6      | Reached skill level 14 in Ranged Weapons
  5581 | D:6      | Reached XP level 9. HP: 46/46 MP: 14/14
  5665 | D:6      | Reached skill level 5 in Hexes
  5708 | D:6      | Reached skill level 1 in Fighting
  5937 | D:6      | Found a runed translucent door.
  5938 | D:6      | Noticed Crazy Yiuf
  5956 | D:6      | Killed Crazy Yiuf
  6151 | D:7      | Found Feileh's Antique Weapon Boutique.
  6354 | D:7      | Noticed a gargoyle
  6376 | D:7      | Killed from afar by a gargoyle

Illustrated notes

Levels and vault maps discovered:
D:1:      nicolae_arrival_washed_ashore, layout_basic, st_stairs_9
D:2:      layout_loops_ring, basic_altar, nrook_uturn, dk_vineyard_1
D:3:      layout_rooms, grunt_temple_overflow_open,
          shapermc_ecumenical_altar_venn, minmay_fountain_box, st_stairs_6,
          kennysheep_decorative_pillar, minmay_crystal_water, uniq_grinder
D:4:      layout_basic, led_sif_pool, amcnicky_mini_rare_corridor_liquid,
          corexii_corridor_pit, uniq_eustachio, uniq_natasha
D:5:      minmay_diamond_boxcup, layout_basic, lightli_church_of_beogh
D:6:      layout_basic, hangedman_minor_gate_pass, uniq_crazy_yiuf_cottage
D:7:      layout_gridville, nzn_wu_jian_council_hall, minmay_temple_entry_wispy,
          serial_shops, nicolae_shop_waterfront, minmay_small_thing

Skill      XL: |  1  2  3  4  5  6  7  8  9 |
---------------+----------------------------+-----
Ranged Weapons | 3 4 5 8 9 11 14 | 14.0
Translocations | 2 3 4 |  4.0
Fire Magic     | 2 3 |  3.0
Spellcasting   | 2 |  2.0
Hexes          | 5 |  5.9
Fighting       | 1 |  1.7
Dodging        | 3 |  3.4

Action                   |  1- 3 |  4- 6 |  7- 9 || total
-------------------------+-------+-------+-------++-------
 Fire: Sling             |   117 |    58 |   244 ||   419
 Cast: Slow              |     6 |       |    11 ||    17
       Inner Flame       |       |       |     2 ||     2
Armor: Robe              |     9 |     4 |    15 ||    28
Dodge: Dodged            |    42 |     3 |    33 ||    78
